[Event "ICCopen2016"]
[Site "Internet Chess Club"]
[Date "2016.06.03"]
[Round "9"]
[White "rovov"]
[Black "DoctorWho"]
[Result "1/2-1/2"]
[ICCResult "Game drawn by mutual agreement"]
[WhiteElo "1717"]
[BlackElo "2022"]
[Opening "Réti opening"]
[ECO "A13"]
[NIC "QP.11"]
[Time "20:34:40"]
[TimeControl "180+0"]

1. Nf3 e6 2. c4 b6 3. e3 Bb7 4. b3 c5 5. Bb2 Nf6 6. Be2 d5 7. cxd5 Nxd5 8.
O-O Nd7 9. d4 Rc8 10. Nc3 cxd4 11. Nxd5 Bxd5 12. Nxd4 Be7 13. Rc1 O-O 14.
Rxc8 Qxc8 15. Qc1 Bf6 16. Bf3 Bxf3 17. Nxf3 Qxc1 18. Bxc1 Rc8 19. Bd2 Ne5
20. Nxe5 Bxe5 21. Rc1 Rxc1+ 22. Bxc1 Kf8 23. h3 Ke7 24. Ba3+ Kd7 25. Kf1 Kc6
26. Ke2 Kd5 27. Kd3 f5 28. f3 Bg3 29. e4+ fxe4+ 30. fxe4+ Kc6 31. Bb2 g6 32.
Kd4 Kd6 33. Ba3+ Kc6 34. Be7 Bd6 35. Bxd6 Kxd6 36. h4 h6 37. g4 a6 38. a3 b5
39. a4 bxa4 40. bxa4 a5 41. e5+ Kc6 42. Kc4 Kb6 43. Kd4 Kc6 44. Kc4 h5 45.
gxh5 gxh5 46. Kd4 Kb6 47. Kc4 Kc6 48. Kd4 Kb6 49. Kc4
{Game drawn by mutual agreement}
1/2-1/2

[Event "ICCopen2016"]
[Site "Internet Chess Club"]
[Date "2016.06.03"]
[Round "9"]
[White "fishmaster"]
[Black "kingsac"]
[Result "1-0"]
[ICCResult "Black forfeits on time"]
[WhiteElo "1726"]
[BlackElo "1863"]
[Opening "Sicilian: Nimzovich-Rossolimo attack (without ...d6)"]
[ECO "B30"]
[NIC "SI.31"]
[Time "20:34:33"]
[TimeControl "180+0"]

1. e4 c5 2. Nf3 Nc6 3. Bb5 Na5 4. O-O a6 5. Be2 e6 6. Re1 Qc7 7. d3 b5 8. a4
b4 9. b3 Bb7 10. Bf1 Ne7 11. Nbd2 Ng6 12. g3 h5 13. h4 Bd6 14. Bg2 Nc6 15.
Bb2 Nce5 16. Nxe5 Nxe5 17. f4 Ng4 18. Nc4 f6 19. Nxd6+ Qxd6 20. Bf3 f5 21.
exf5 O-O-O 22. fxe6 dxe6 23. Bxb7+ Kxb7 24. Qf3+ Kb6 25. Be5 Nxe5 26. fxe5
Qd4+ 27. Kg2 Rdf8 28. a5+ Kc7 29. Qe3 Qc3 30. Re2 Rf5 31. Rf1 Rhf8 32. Rxf5
Rxf5 33. Qd2 Qa1 34. Re1 Qd4 35. Qe3 Qc3 36. Re2 Kc6 37. Rf2 Rxe5 38. Qf3+
Kd6 39. Qf8+ Kc6 40. Qc8+ Kd6 41. Qb8+ Kc6 42. Qa8+ Kd6 43. Qxa6+ Kd5 44.
Qb7+ Kd6 45. Qb6+ Kd5 46. Qd8+ Kc6 47. Qc8+ Kd5 48. a6 Qe1 49. a7 Re2 50.
a8=Q+ Kd4 51. Qd7+ Kc3 52. Qf3 Rxf2+ 53. Qxf2 Qxf2+ 54. Kxf2 Kxc2 55. Qd6
Kxb3 56. Qxe6+ {Black forfeits on time} 1-0

[Event "ICCopen2016"]
[Site "Internet Chess Club"]
[Date "2016.06.03"]
[Round "9"]
[White "DEHO"]
[Black "RussianCowboy"]
[Result "0-1"]
[ICCResult "White forfeits on time"]
[WhiteElo "2218"]
[BlackElo "2048"]
[Opening "Philidor: Improved Hanham variation"]
[ECO "B07"]
[NIC "PU.08"]
[Time "20:34:28"]
[TimeControl "180+0"]

1. d4 d6 2. e4 Nf6 3. Nc3 e5 4. Nf3 Nbd7 5. g3 c6 6. Bg2 b5 7. a3 Be7 8. O-O
O-O 9. Re1 a5 10. Nh4 g6 11. Bh6 Re8 12. h3 Rb8 13. b4 Nf8 14. Nf3 Qc7 15.
Qd2 axb4 16. axb4 Bd7 17. Be3 Ne6 18. dxe5 dxe5 19. Ra7 Rb7 20. Rxb7 Qxb7
21. Nxe5 Bxb4 22. Rb1 Ba5 23. Qd3 Rd8 24. Ne2 Be8 25. Qa3 Bc7 26. Nd3 Bd6
27. Qc3 Nd7 28. Kh2 Bf8 29. f4 Rc8 30. f5 Ng7 31. Rf1 Qc7 32. Bf4 Bd6 33.
Bxd6 Qxd6 34. e5 Qe7 35. f6 Nxf6 36. Rxf6 Nh5 37. Rf2 c5 38. Ndf4 b4 39. Nd5
Qe6 40. Qe3 Ng7 41. Nf6+ Kf8 42. Nf4 Qb6 43. N4d5 Nf5 {White forfeits on
time} 0-1

[Event "ICCopen2016"]
[Site "Internet Chess Club"]
[Date "2016.06.03"]
[Round "9"]
[White "Eraser007"]
[Black "ALexiz"]
[Result "1-0"]
[ICCResult "Black forfeits on time"]
[WhiteElo "2192"]
[BlackElo "1839"]
[Opening "Sicilian"]
[ECO "B50"]
[NIC "SI.01"]
[Time "20:35:06"]
[TimeControl "180+0"]

1. e4 c5 2. Nf3 d6 3. c3 Nf6 4. h3 Nc6 5. Bd3 e5 6. Bc2 Be7 7. d4 O-O 8. d5
Nb8 9. a4 b6 10. O-O Ba6 11. Re1 Nbd7 12. Na3 Bb7 13. Nc4 a6 14. Ne3 g6 15.
Nh2 Re8 16. Qf3 Nh5 17. Neg4 Nhf6 18. Nh6+ Kg7 19. g4 Rf8 20. h4 Ng8 21. g5
f6 22. Qg2 fxg5 23. hxg5 Nxh6 24. gxh6+ Kh8 25. Nf3 Nf6 26. Ng5 Bc8 27. f4
Nh5 28. f5 Nf4 29. Bxf4 exf4 30. fxg6 Bxg5 31. g7+ Kg8 32. gxf8=Q+ Kxf8 33.
e5 Bxh6 34. Bxh7 Qg5 35. exd6 Bh3 36. Qxg5 Bxg5 37. Kh2 Bd7 38. Rg1 Bh4 39.
Rg8+ Kf7 40. Rxa8 Bg3+ 41. Kg2 Kf6 42. Ra7 Bg4 43. Be4 Ke5 44. Bf3 Kxd6 45.
Bxg4 Kxd5 46. Rxa6 Kc4 47. Rxb6 Bh4 48. a5 Bd8 49. Rb7 {Black forfeits on
time} 1-0

[Event "ICCopen2016"]
[Site "Internet Chess Club"]
[Date "2016.06.03"]
[Round "9"]
[White "oskarito"]
[Black "chessrex"]
[Result "0-1"]
[ICCResult "White resigns"]
[WhiteElo "2495"]
[BlackElo "1953"]
[Opening "Philidor: Philidor counter-gambit, Zukertort variation"]
[ECO "C41"]
[NIC "KP.08"]
[Time "20:35:15"]
[TimeControl "180+0"]

1. e4 e5 2. Nf3 d6 3. d4 f5 4. Nc3 fxe4 5. Nxe4 d5 6. Nc3 e4 7. Ne5 Nf6 8.
Bf4 Be6 9. Be2 Be7 10. Qd2 O-O 11. O-O-O Nbd7 12. Kb1 c6 13. h3 Nxe5 14.
Bxe5 Nd7 15. Bg3 Bg5 16. Qe1 Nb6 17. h4 Bh6 18. Be5 Nd7 19. Bd6 Rf7 20. g4
Bf4 21. Bxf4 Rxf4 22. g5 Qf8 23. Rh2 Qf7 24. Rd2 Rf8 25. Nd1 Bg4 26. Bxg4
Rxg4 27. Ne3 Rf4 28. Qg1 Nb6 29. h5 Qe7 30. g6 h6 31. Rg2 Nc4 32. Nxc4 dxc4
33. Re2 Qf6 34. c3 Qf5 35. Re3 Qxh5 36. Qe1 Qf5 37. a3 Re8 38. Qe2 Rf3 39.
Ka2 Rxe3 40. Qxc4+ Qd5 41. Qxd5+ cxd5 42. fxe3 Re6 43. b3 Kf8 44. c4 Ke7 45.
cxd5 Rf6 46. Kb2 Kd6 47. Kc3 Kxd5 48. Rh2 Rf5 49. Rh3 Rg5 50. Kb4 Rxg6 51.
Rh5+ Rg5 52. Rh3 h5 53. a4 g6 54. Rh1 Rg3 55. Re1 h4 56. Kc3 h3 57. Kd2 g5
58. Rf1 h2 59. Rh1 Rg2+ 60. Kc3 g4 {White resigns} 0-1

[Event "ICCopen2016"]
[Site "Internet Chess Club"]
[Date "2016.06.03"]
[Round "9"]
[White "HPG1947"]
[Black "mrneale"]
[Result "1-0"]
[ICCResult "Black forfeits on time"]
[WhiteElo "1599"]
[BlackElo "1268"]
[Opening "Réti: old Indian attack"]
[ECO "A06"]
[NIC "QP.09"]
[Time "20:35:00"]
[TimeControl "180+0"]

1. Nf3 d5 2. d3 Nc6 3. Nbd2 e5 4. e4 d4 5. Be2 h6 6. O-O Be7 7. c3 dxc3 8.
bxc3 Nf6 9. Nc4 Bd6 10. a4 O-O 11. a5 Re8 12. h3 Nh7 13. Be3 Kh8 14. Qb3 f5
15. exf5 Bxf5 16. Qxb7 Bd7 17. Qb1 e4 18. dxe4 Ne5 19. Nxd6 cxd6 20. Nxe5
dxe5 21. Rd1 Qc8 22. Qd3 Bxh3 23. gxh3 Qxh3 24. Bc5 Qe6 25. Qg3 Rac8 26. Rd6
Qf7 27. Bb4 Nf6 28. Bf3 Re6 29. Rad1 Rxd6 30. Rxd6 {Black forfeits on time}
1-0

[Event "ICCopen2016"]
[Site "Internet Chess Club"]
[Date "2016.06.03"]
[Round "9"]
[White "Kandor"]
[Black "padmanandhini"]
[Result "1-0"]
[ICCResult "Black checkmated"]
[WhiteElo "1081"]
[BlackElo "1224"]
[Opening "KP: Indian opening"]
[ECO "C20"]
[NIC "KP.10"]
[Time "20:35:24"]
[TimeControl "180+0"]

1. e4 e5 2. d3 Nc6 3. Nd2 Nf6 4. g3 Bc5 5. Bg2 d6 6. Ngf3 Be6 7. O-O Bg4 8.
Qe2 Nd4 9. Qd1 Nxf3+ 10. Nxf3 Bxf3 11. Bxf3 O-O 12. c3 b5 13. b4 Bb6 14. a4
bxa4 15. Rxa4 a5 16. b5 Qe8 17. c4 c6 18. Qb3 cxb5 19. cxb5 Rc8 20. Be3 Bxe3
21. fxe3 Rb8 22. b6 Rb7 23. Rxa5 Qd8 24. Rb5 Qd7 25. Rc1 Qe6 26. Qxe6 fxe6
27. Rc7 Rxc7 28. bxc7 Rc8 29. Rb7 Ne8 30. Bg4 Ra8 31. Bxe6+ Kf8 32. Rb8 Ra1+
33. Kg2 Rb1 34. Rxb1 Nxc7 35. Rb7 Nxe6 36. Rb6 Nc5 37. Rxd6 Nxd3 38. Re6 Kf7
39. Rd6 Nc5 40. Rd5 Nxe4 41. Rxe5 Nf6 42. Rf5 g6 43. Rf4 h6 44. Kf3 g5 45.
Rf5 Kg6 46. e4 Ne8 47. Re5 Nd6 48. Re6+ Kf7 49. Rxd6 h5 50. Rd5 Kg6 51. e5
g4+ 52. Kg2 Kf7 53. Rd6 Ke7 54. h3 gxh3+ 55. Kxh3 Ke8 56. Kh4 Ke7 57. Kxh5
Kf7 58. g4 Ke7 59. g5 Kf7 60. Kh6 Kf8 61. g6 Kg8 62. Rd8# {Black checkmated}
1-0

[Event "ICCopen2016"]
[Site "Internet Chess Club"]
[Date "2016.06.03"]
[Round "9"]
[White "trivialpursuit"]
[Black "dddsllc"]
[Result "0-1"]
[ICCResult "White forfeits on time"]
[WhiteElo "1429"]
[BlackElo "1693"]
[Opening "Sicilian: closed, 6.Be3"]
[ECO "B26"]
[NIC "SI.45"]
[Time "20:35:12"]
[TimeControl "180+0"]

1. e4 c5 2. Nc3 Nc6 3. g3 g6 4. Bg2 Bg7 5. d3 d6 6. Be3 Rb8 7. Qd2 b5 8.
Nge2 b4 9. Nd1 Bg4 10. f3 Bd7 11. O-O Nf6 12. Bh6 O-O 13. Bxg7 Kxg7 14. Ne3
e5 15. h3 Nd4 16. Kh2 Qe7 17. c3 Nxe2 18. Qxe2 bxc3 19. bxc3 Be6 20. f4 exf4
21. Rxf4 Nh5 22. Rf2 Qg5 23. Qf3 Qe5 24. Raf1 Rb7 25. d4 cxd4 26. cxd4 Qxd4
27. Nf5+ Bxf5 28. exf5 Rb2 29. f6+ Kg8 30. Rxb2 Qxb2 31. g4 Qe5+ 32. Kg1 Ng3
33. Rd1 Rb8 {White forfeits on time} 0-1

[Event "ICCopen2016"]
[Site "Internet Chess Club"]
[Date "2016.06.03"]
[Round "9"]
[White "MAU"]
[Black "Willy809"]
[Result "1/2-1/2"]
[ICCResult "White stalemated"]
[WhiteElo "1819"]
[BlackElo "1630"]
[Opening "Queen's pawn game"]
[ECO "D02"]
[NIC "QP.09"]
[Time "20:34:56"]
[TimeControl "180+0"]

1. Nf3 d5 2. d4 c6 3. Bg5 Bf5 4. c3 Nd7 5. Nbd2 Ngf6 6. Qb3 Qb6 7. e3 g6 8.
h3 Bg7 9. c4 Ne4 10. Nxe4 Bxe4 11. c5 Qxb3 12. axb3 f6 13. Bh4 e5 14. Rd1
Bc2 15. Rd2 Bxb3 16. Bd3 e4 17. Bb1 exf3 18. gxf3 O-O 19. Rg1 b6 20. cxb6
axb6 21. Bg3 Ra1 22. Ke2 Bc4+ 23. Rd3 c5 24. Kd2 Bxd3 25. Kxd3 f5 26. Bd6
Rc8 27. h4 cxd4 28. exd4 b5 29. h5 Kf7 30. hxg6+ hxg6 31. Ba3 Bf8 32. Bxf8
Nxf8 33. Re1 Ne6 34. Rd1 Nf4+ 35. Kd2 Rc4 36. Ke3 Ng2+ 37. Ke2 Nf4+ 38. Ke3
Ne6 39. f4 Nxd4 40. f3 Ke6 41. Bxf5+ Nxf5+ 42. Ke2 Rxd1 43. Kxd1 Rxf4 44.
Ke2 Ke5 45. Kf2 Nd4 46. Ke3 Rxf3+ 47. Kd2 Rb3 48. Kc1 b4 49. Kb1 Ke4 50. Kc1
Ke3 51. Kb1 Kd3 52. Ka2 Kc2 53. Ka1 Nb5 54. Ka2 Re3 55. Ka1 b3
{White stalemated}
1/2-1/2

[Event "ICCopen2016"]
[Site "Internet Chess Club"]
[Date "2016.06.03"]
[Round "9"]
[White "whiteshark"]
[Black "VrloJakMK"]
[Result "1-0"]
[ICCResult "Black checkmated"]
[WhiteElo "2595"]
[BlackElo "2127"]
[Opening "Réti: King's Indian attack, French variation"]
[ECO "C00"]
[NIC "FR.02"]
[Time "20:35:05"]
[TimeControl "180+0"]

1. e4 e6 2. d3 d5 3. Nd2 c5 4. Ngf3 Nf6 5. g3 Be7 6. Bg2 O-O 7. O-O Nc6 8.
Re1 a5 9. e5 Nd7 10. a4 b6 11. Nf1 Ba6 12. h4 h6 13. Bf4 Re8 14. N1h2 Nf8
15. h5 Nh7 16. Ng4 Ng5 17. Qd2 Nxf3+ 18. Bxf3 Nd4 19. Bg2 Bg5 20. Rad1 Bxf4
21. Qxf4 Qg5 22. Qxg5 hxg5 23. c3 Nf5 24. Nh2 Rab8 25. g4 Nh6 26. Bh3 f5 27.
exf6 gxf6 28. Re3 e5 29. Rf3 Kg7 30. Nf1 b5 31. axb5 Rxb5 32. c4 Rxb2 33.
cxd5 Rd8 34. Ne3 Bxd3 35. Rxd3 e4 36. Ra3 exf3 37. Rxa5 Rb1+ 38. Kh2 Rc1 39.
Ra7+ Kf8 40. Rc7 Nf7 41. Kg3 Ne5 42. Bf1 c4 43. h6 Kg8 44. Rg7+ Kh8 45. Rc7
c3 46. Bb5 Rg1+ 47. Kh2 Rb1 48. Ba4 Rb2 49. Bc2 Nxg4+ 50. Nxg4 Rxc2 51. Nxf6
Rxf2+ 52. Kg3 Rg2+ 53. Kxf3 Rf8 54. Rh7# {Black checkmated} 1-0

[Event "ICCopen2016"]
[Site "Internet Chess Club"]
[Date "2016.06.03"]
[Round "9"]
[White "SCORPION83"]
[Black "MaestroASK"]
[Result "1-0"]
[ICCResult "Black checkmated"]
[WhiteElo "2999"]
[BlackElo "2573"]
[Opening "Queen's Pawn"]
[ECO "A41"]
[NIC "QO.17"]
[Time "20:34:16"]
[TimeControl "180+0"]

1. d4 d6 2. Nf3 g6 3. c4 Bg7 4. Nc3 c6 5. e4 e5 6. d5 c5 7. Bd3 Nd7 8. h3 f6
9. g4 Nh6 10. Be3 Nf7 11. Qd2 a6 12. a4 a5 13. Nb5 b6 14. b3 O-O 15. O-O-O
Nb8 16. Rdg1 Na6 17. h4 Nc7 18. Nc3 Qe7 19. Ne2 Bd7 20. Nh2 Na6 21. f3 Nb4
22. Bb1 Qe8 23. Qd1 Qe7 24. Nf1 Bh6 25. Qd2 Bxe3 26. Nxe3 Kh8 27. Rg3 Rg8
28. Qe1 Raf8 29. Qg1 Rg7 30. g5 fxg5 31. hxg5 Kg8 32. Nc3 Na6 33. Ncd1 Nb4
34. Nf2 Kh8 35. Rh4 Bc8 36. Kd2 Bd7 37. Bd3 Nxd3 38. Nxd3 Bc8 39. Qg2 Bd7
40. f4 exf4 41. Rxf4 Ne5 42. Rxf8+ Qxf8 43. Nxe5 dxe5 44. Rf3 Rf7 45. Ke2
Rf4 46. Rf2 Qe7 47. Rxf4 exf4 48. Nf1 Qe5 49. Nd2 Kg7 50. Qf3 h6 51. gxh6+
Kxh6 52. Qh1+ Kg7 53. Qh4 g5 54. Qh5 Be8 55. Qg4 Kh6 56. Kf2 Bh5 57. Qe6+
Qxe6 58. dxe6 Kg7 59. e5 Kf8 60. Ne4 g4 61. Nf6 g3+ 62. Kg2 Bg6 63. Nd5 Be4+
64. Kh3 g2 65. Kh2 Bxd5 66. cxd5 f3 67. d6 Ke8 68. Kg1 Kd8 69. Kf2 Ke8 70.
Kg1 Kd8 71. Kf2 Ke8 72. e7 Kd7 73. e6+ Ke8 74. Kg1 c4 75. Kf2 cxb3 76. Kxf3
b2 77. Ke4 b1=Q+ 78. Ke5 Qb4 79. Kf6 Qc5 80. d7# {Black checkmated} 1-0

[Event "ICCopen2016"]
[Site "Internet Chess Club"]
[Date "2016.06.03"]
[Round "9"]
[White "doodlestoo"]
[Black "fledermaus"]
[Result "0-1"]
[ICCResult "White forfeits on time"]
[WhiteElo "1414"]
[BlackElo "1643"]
[Opening "Sicilian: Scheveningen variation"]
[ECO "B80"]
[NIC "SI.19"]
[Time "20:34:41"]
[TimeControl "180+0"]

1. e4 c5 2. Nf3 e6 3. d4 cxd4 4. Nxd4 Nf6 5. Nc3 d6 6. Be3 Be7 7. Qd2 O-O 8.
f3 Nc6 9. O-O-O d5 10. Nxc6 bxc6 11. exd5 cxd5 12. Bb5 Bb4 13. a3 Ba5 14. b4
Bb6 15. Kb2 a6 16. Ba4 a5 17. b5 Bd7 18. Rhe1 Rc8 19. Bb3 Qc7 20. a4 Rfd8
21. Ne2 e5 22. Bxb6 Qxb6 23. Bxd5 Be6 24. c4 Rxc4 25. Bxc4 Rxd2+ 26. Rxd2 g6
27. Bxe6 Qxe6 28. Rd3 e4 29. fxe4 Qxe4 30. Rd8+ Kg7 31. Rd2 Qb4+ 32. Kc1
Qa3+ 33. Kd1 Qxa4+ 34. Kc1 Qxb5 35. Rb2 Qc4+ 36. Kb1 Ne4 37. Rc2 Nc3+ 38.
Kc1 a4 39. Nxc3 Qf4+ 40. Kb2 Qxh2 41. Ree2 Qg3 42. Nxa4 Qe5+ 43. Nc3 Qb8+
44. Kc1 Qd8 45. Kb2 Qf6 {White forfeits on time} 0-1

[Event "ICCopen2016"]
[Site "Internet Chess Club"]
[Date "2016.06.03"]
[Round "9"]
[White "jonesey"]
[Black "tenho"]
[Result "0-1"]
[ICCResult "White forfeits on time"]
[WhiteElo "1782"]
[BlackElo "1654"]
[Opening "English: symmetrical, Botvinnik system"]
[ECO "B20"]
[NIC "EO.30"]
[Time "20:35:40"]
[TimeControl "180+0"]

1. e4 c5 2. c4 g6 3. Nc3 Bg7 4. g3 Nc6 5. Bg2 d6 6. Nge2 Nf6 7. d3 O-O 8.
O-O a6 9. a3 Rb8 10. Rb1 b5 11. cxb5 axb5 12. b4 cxb4 13. axb4 Nd7 14. d4
Qb6 15. Be3 Qb7 16. f4 e5 17. fxe5 dxe5 18. d5 Ne7 19. Qb3 Kh8 20. d6 Nc6
21. Rxf7 Nd4 22. Rxf8+ Nxf8 23. Qd5 Qb6 24. Bf2 Be6 25. Qc5 Nd7 26. Qxb6
Rxb6 27. Nxd4 exd4 28. Ra1 h6 29. Ne2 Rxd6 30. Ra8+ Kh7 31. Ra7 d3 32. Nf4
d2 33. Bf3 d1=Q+ 34. Bxd1 Rxd1+ 35. Kg2 Rd2 36. Nxe6 Bc3 37. Kf3 Bxb4 38.
Nf4 Rxf2+ 39. Kxf2 Bc5+ 40. Kf3 Bxa7 41. Nd5 Ne5+ 42. Kf4 Bc5 43. Kxe5 b4
44. Nxb4 Bxb4 45. Kf6 Bc3+ {White forfeits on time} 0-1

[Event "ICCopen2016"]
[Site "Internet Chess Club"]
[Date "2016.06.03"]
[Round "9"]
[White "DMDIS"]
[Black "DrOussedik"]
[Result "0-1"]
[ICCResult "White forfeits on time"]
[WhiteElo "2014"]
[BlackElo "2040"]
[Opening "Queen's pawn"]
[ECO "A40"]
[NIC "QP.05"]
[Time "20:35:00"]
[TimeControl "180+0"]

1. d4 e6 2. Nf3 Nf6 3. Bf4 c5 4. e3 b6 5. Nbd2 Bb7 6. Bd3 d6 7. c3 Nbd7 8.
h3 Be7 9. O-O O-O 10. Qe2 Qc7 11. Rac1 Rfe8 12. Bh2 Rac8 13. Rfe1 Qb8 14. e4
Bf8 15. e5 Nd5 16. Qe4 g6 17. Qh4 dxe5 18. dxe5 Bg7 19. Nc4 Rcd8 20. Ng5 h6
21. Nxf7 Kxf7 22. Nd6+ Kg8 23. Nxe8 Rxe8 24. Bxg6 Re7 25. c4 Nb4 26. Qxe7
Nf8 27. Bf7+ Kh8 28. Rcd1 Nc6 29. Qh4 Nd4 30. Re3 Qc7 31. Bh5 Nf5 32. Qg3
Nxe3 33. fxe3 Be4 34. Qf4 Bg6 35. Bf3 Kh7 36. h4 Qe7 37. h5 Bc2 38. Rd2 Bb1
39. g4 Nd7 40. Be4+ Bxe4 41. Qxe4+ Kg8 42. Rf2 Nf8 43. Rf4 Nd7
{White forfeits on time}
0-1

[Event "ICCopen2016"]
[Site "Internet Chess Club"]
[Date "2016.06.03"]
[Round "9"]
[White "ChessGeek"]
[Black "UltimateR3cruit"]
[Result "0-1"]
[ICCResult "White forfeits on time"]
[WhiteElo "1720"]
[BlackElo "1501"]
[Opening "KP: Nimzovich defense"]
[ECO "B00"]
[NIC "VO.04"]
[Time "20:34:47"]
[TimeControl "180+0"]

1. e4 Nc6 2. Bc4 e6 3. Nc3 Na5 4. Bb5 a6 5. Ba4 b5 6. Bb3 Nf6 7. d3 Bb4 8.
Ne2 Ng4 9. O-O Qh4 10. Bf4 Bd6 11. h3 h5 12. f3 g5 13. Bxd6 cxd6 14. fxg4
hxg4 15. Qe1 Qh6 16. Qf2 gxh3 17. Qxf7+ Kd8 18. Qf6+ Qxf6 19. Rxf6 hxg2 20.
Kxg2 Nc6 21. Rg6 Rh5 22. Ng3 Rh8 23. Rxg5 Ne5 24. Rh1 Rxh1 25. Nxh1 Kc7 26.
Rg8 b4 27. Ne2 Nf7 28. Nd4 Nh6 29. Rg6 Nf7 30. Rg7 Nd8 31. Ng3 Nc6 32. Nh5
Nxd4 33. Nf6 Nxb3 34. axb3 a5 35. Ne8+ Kc6 36. Kf3 d5 37. Ke3 d4+ 38. Kf3 a4
39. Nf6 axb3 40. cxb3 Ra2 41. Rg2 Ra1 42. e5 Rf1+ 43. Rf2 Rb1 44. Ke4 Ba6
45. Re2 Bxd3+ 46. Kxd3 Rd1+ 47. Rd2 Rg1 48. Re2 Rg3+ 49. Kd2 Rg1 50. Re1
Rg2+ 51. Kd1 Rg5 52. Re2 Rxe5 {White forfeits on time} 0-1

[Event "ICCopen2016"]
[Site "Internet Chess Club"]
[Date "2016.06.03"]
[Round "9"]
[White "bonicula"]
[Black "InigoMI"]
[Result "0-1"]
[ICCResult "White forfeits on time"]
[WhiteElo "918"]
[BlackElo "1541"]
[Opening "Queen's pawn game"]
[ECO "D04"]
[NIC "QP.06"]
[Time "20:35:16"]
[TimeControl "180+0"]

1. d4 Nf6 2. Nf3 d5 3. e3 Bg4 4. Be2 Nbd7 5. Nbd2 e6 6. b3 c5 7. Bb2 Rc8 8.
h3 Bh5 9. c4 cxd4 10. exd4 Be7 11. O-O O-O 12. Bd3 dxc4 13. bxc4 Nb6 14. Qc2
Bg6 15. Bxg6 hxg6 16. Ne4 Rxc4 17. Nxf6+ Bxf6 18. Qd2 Nd5 19. Rab1 Qc7 20.
Ba3 Rc8 21. Rb2 b6 22. Rfb1 Nc3 23. Ne5 Nxb1 24. Rxb1 Bxe5 25. dxe5 Qxe5 26.
Bd6 Qd5 27. Rd1 Qxd2 28. Rxd2 Rd8 29. Bf4 Rxd2 30. Bxd2 Rc2
{White forfeits on time}
0-1

[Event "ICCopen2016"]
[Site "Internet Chess Club"]
[Date "2016.06.03"]
[Round "9"]
[White "Yedixon"]
[Black "hunterking"]
[Result "1-0"]
[ICCResult "Black resigns"]
[WhiteElo "1264"]
[BlackElo "1346"]
[Opening "French: Labourdonnais variation"]
[ECO "C00"]
[NIC "FR.01"]
[Time "20:35:29"]
[TimeControl "180+0"]

1. e4 e6 2. f4 d5 3. e5 c5 4. Nf3 Nc6 5. Bb5 Qb6 6. Bxc6+ bxc6 7. c3 Ba6 8.
d4 cxd4 9. Nxd4 c5 10. Qa4+ Kd8 11. Nc6+ Kc7 12. Na5 Nh6 13. h3 Nf5 14. Na3
Be7 15. c4 Bh4+ 16. Kf1 Ng3+ 17. Kg1 Nxh1 18. Kxh1 Qb4 19. Qc6+ Kd8 20.
Qxa8+ Ke7 21. Qxa7+ Ke8 22. Qa8+ Kd7 23. Qc6+ Kd8 24. Qd6+ Ke8 25. Qb8+ Kd7
26. Qd6+ Ke8 27. Qc6+ Kd8 28. Qa8+ Kd7 29. Qa7+ Kd8 30. Nc6+ Kc8 31. Nxb4
{Black resigns}
1-0

[Event "ICCopen2016"]
[Site "Internet Chess Club"]
[Date "2016.06.03"]
[Round "9"]
[White "luckypawns"]
[Black "Kannayya"]
[Result "1-0"]
[ICCResult "Black checkmated"]
[WhiteElo "1581"]
[BlackElo "1140"]
[Opening "KP: Indian opening"]
[ECO "C20"]
[NIC "KP.10"]
[Time "20:36:03"]
[TimeControl "180+0"]

1. e4 e5 2. d3 Nf6 3. Nd2 Nc6 4. Ngf3 d6 5. Nc4 Be7 6. Ne3 O-O 7. Bd2 Be6 8.
c3 h6 9. Qc2 Qd7 10. h3 Bd8 11. O-O-O Be7 12. Ng4 Nxg4 13. hxg4 Bxg4 14.
Bxh6 gxh6 15. Rxh6 Bxf3 16. gxf3 Bg5+ 17. Kb1 Bxh6 18. Bg2 Bg7 19. Rg1 Rfe8
20. Qd2 Kf8 21. f4 exf4 22. Qxf4 Qe6 23. Qg3 Be5 24. f4 Bf6 25. Bh3 Qxh3 26.
Qxh3 Ke7 27. d4 Rg8 28. Rxg8 Rxg8 29. e5 dxe5 30. dxe5 Bg7 31. Qh4+ Kd7 32.
Qh7 Ne7 33. Qd3+ Kc8 34. Qe4 Kb8 35. f5 Nc6 36. f6 Bh6 37. b4 Rg1+ 38. Kc2
Rc1+ 39. Kb3 Rb1+ 40. Kc4 Rg1 41. Qh7 Rd1 42. Qxh6 Nxe5+ 43. Kb3 Rb1+ 44.
Kc2 Rd1 45. Qf8+ Rd8 46. Qxd8# {Black checkmated} 1-0

[Event "ICCopen2016"]
[Site "Internet Chess Club"]
[Date "2016.06.03"]
[Round "9"]
[White "Chaos23"]
[Black "ciatouciso"]
[Result "1-0"]
[ICCResult "Black forfeits on time"]
[WhiteElo "1979"]
[BlackElo "1662"]
[Opening "Benko's opening"]
[ECO "A00"]
[NIC "VO.09"]
[Time "20:35:01"]
[TimeControl "180+0"]

1. g3 c6 2. Bg2 d5 3. d3 e5 4. Nf3 Bd6 5. O-O Ne7 6. e4 d4 7. Nbd2 Bg4 8. h3
Bh5 9. Nc4 Bc7 10. g4 Bg6 11. Ncxe5 O-O 12. Qe2 c5 13. a4 Bd6 14. Nc4 Bc7
15. Nh2 Nbc6 16. f4 f6 17. Bd2 Bf7 18. b3 b6 19. e5 fxe5 20. fxe5 Qb8 21. e6
Bg6 22. Rxf8+ Kxf8 23. Nf3 Kg8 24. Ng5 h6 25. Ne4 Qd8 26. Rf1 Rb8 27. h4 a6
28. h5 Be8 29. g5 b5 30. Nb2 Ne5 31. gxh6 Nd5 32. Qf2 Qe7 33. hxg7 Bxh5 34.
Ng5 Ne3 35. Bxe3 dxe3 36. Qxe3 Ng4 37. Qd2 Kxg7 38. axb5 Bb6 39. Nc4 Bc7 40.
bxa6 Rb4 41. a7 Rxc4 42. dxc4 Qd6 43. Qxd6 Bxd6 44. a8=Q Bh2+ 45. Kh1 Bg3
46. Qf8+ Kg6 47. Qf5+ {Black forfeits on time} 1-0

[Event "ICCopen2016"]
[Site "Internet Chess Club"]
[Date "2016.06.03"]
[Round "9"]
[White "IAlwaysWin"]
[Black "f8"]
[Result "1-0"]
[ICCResult "Black forfeits on time"]
[WhiteElo "1641"]
[BlackElo "1367"]
[Opening "Budapest defense"]
[ECO "A52"]
[NIC "QG.01"]
[Time "20:35:10"]
[TimeControl "180+0"]

1. d4 Nf6 2. c4 e5 3. dxe5 Ng4 4. e3 Nxe5 5. Be2 d6 6. Nc3 Be6 7. b3 Be7 8.
f4 Nec6 9. Nf3 Nd7 10. e4 Bf6 11. Bb2 g6 12. O-O O-O 13. Qd2 Nc5 14. Qe3 Bg4
15. h3 Bxf3 16. Qxf3 Bg7 17. Rad1 Qe7 18. Nd5 Qd8 19. Bxg7 Kxg7 20. Qc3+ Kg8
21. Rd2 f6 22. Bf3 Ne7 23. b4 Ne6 24. g3 Nxd5 25. cxd5 Ng7 26. Rc1 Rc8 27.
Rdc2 Rf7 28. Qd4 b6 29. b5 Ne8 30. Rc6 Re7 31. Qc4 Kg7 32. g4 Rf7 33. Qd4
Qe7 34. Re1 Kg8 35. Bd1 Qf8 36. Bc2 Qg7 37. Rc3 f5 38. e5 fxg4 39. hxg4 dxe5
40. fxe5 Qh6 41. Qe3 Rf4 42. Qg3 Qg5 43. Re4 Rxe4 44. Bxe4
{Black forfeits on time}
1-0

[Event "ICCopen2016"]
[Site "Internet Chess Club"]
[Date "2016.06.03"]
[Round "9"]
[White "boveymvp"]
[Black "ChessHouston"]
[Result "0-1"]
[ICCResult "White checkmated"]
[WhiteElo "1634"]
[BlackElo "1817"]
[Opening "Pirc: classical (two knights) system"]
[ECO "B08"]
[NIC "PU.10"]
[Time "20:35:08"]
[TimeControl "180+0"]

1. e4 d6 2. d4 Nf6 3. Nc3 g6 4. Nf3 Bg7 5. Bc4 O-O 6. Bb3 c6 7. O-O b5 8. a3
a5 9. Qe2 Ba6 10. Qe3 b4 11. axb4 Bxf1 12. Kxf1 a4 13. Rxa4 Rxa4 14. Bxa4
Qb6 15. e5 dxe5 16. dxe5 Qa6+ 17. Kg1 Nd5 18. Nxd5 cxd5 19. Bb3 e6 20. h3
Nc6 21. c3 Qa1 22. Kh2 Qb1 23. Ba4 Nxe5 24. Nxe5 Bxe5+ 25. Qxe5 Qxc1 26. b3
Rc8 27. b5 Qxc3 28. Qxc3 Rxc3 29. b6 Rc8 30. b7 Rb8 31. Bc6 Kf8 32. b4 Ke7
33. b5 Kd6 34. Kg3 e5 35. Kg4 h6 36. Kf3 f5 37. Ke3 Kc5 38. Kd3 e4+ 39. Kc3
f4 40. Kd2 Kd4 41. Ke2 g5 42. g3 e3 43. g4 exf2 44. Kxf2 Kc4 45. Kf3 d4 46.
Ke2 d3+ 47. Kd2 Kd4 48. Bf3 Kc4 49. b6 Kc5 50. Kxd3 Kxb6 51. Bd5 Rxb7 52.
Bxb7 Kxb7 53. Ke4 Kc6 54. Kf3 Kd5 55. h4 Kd4 56. hxg5 hxg5 57. Kf2 Ke4 58.
Ke2 f3+ 59. Kf2 Kf4 60. Kf1 Kxg4 61. Kf2 Kf4 62. Kg1 g4 63. Kf2 g3+ 64. Ke1
Ke3 65. Kd1 f2 66. Kc2 f1=Q 67. Kc3 Qf4 68. Kb3 Qc7 69. Kb2 Qc4 70. Ka3 Qb5
71. Ka2 Kd2 72. Ka3 Kc2 73. Ka2 Qa4# {White checkmated} 0-1